 Dungeon Crawl Stone Soup version 0.15-a0-734-g2b8d6ef (webtiles) character file.

219 PolkaDot the Caller (level 5, 0/35 HPs)
             Began as a Mummy Summoner on May 11, 2014.
             Shot with an arrow by a centaur (11 damage)
             ... on Level 3 of the Dungeon.
             The game lasted 00:12:57 (3452 turns).

PolkaDot the Caller (Mummy Summoner)                Turns: 3452, Time: 00:12:57

HP   0/35        AC  3     Str 11      XL: 5   Next: 63%
MP   6/9         EV 12     Int 15      God:
Gold 134         SH  0     Dex 12      Spells:  2 memorised,  4 levels left

rFire  x . .     SeeInvis .     b - +0 spear
rCold  + . .     Clarity  .     c - +0 robe
rNeg   + + +     Conserve .     (no shield)
rPois  +         rCorr    .     (no helmet)
rElec  .         rRot     +     (no cloak)
SustAb . .       Spirit   .     r - +0 pair of gloves
rMut   .         Warding  .     (no boots)
Gourm  .         Stasis   .     (no amulet)
MR     .....                    (no ring)
                                (no ring)

@: not resistant to hostile enchantments, unstealthy
A: no food or potions, fire vulnerability, restore body, cold resistance 1, life
protection 3, poison resistance, torment resistance, unbreathing
a: no special abilities


You were on level 3 of the Dungeon.
You were not hungry.

You visited 1 branch of the dungeon, and saw 3 of its levels.

You collected 134 gold pieces.

Inventory:

Hand weapons
 a - a +0,+0 dagger
 b - a +0,+0 spear (weapon)
Missiles
 d - 31 stones
 i - 5 darts of flame
 o - 25 darts (quivered)
Armour
 c - a +0 robe (worn)
 r - a +0 pair of gloves (worn)
Scrolls
 e - a scroll of amnesia {unknown}
 f - a scroll of teleportation {unknown}
 g - a scroll of random uselessness {unknown}
 h - 3 scrolls of remove curse {unknown}
 j - 4 scrolls of fear {unknown}
 k - 3 scrolls of identify {unknown}
 l - a scroll of enchant weapon II {unknown}
 m - a scroll of magic mapping {unknown}
 n - a scroll of blinking {unknown}
 p - a scroll of recharging {unknown}
 s - 2 scrolls of fog {unknown}
Books
 q - a book of Callings

   Spells                             Type                      Level
   *Summon Small Mammal               Summoning                    1
   Call Imp                           Summoning                    2
   *Call Canine Familiar              Summoning                    3
   Summon Guardian Golem              Hexes/Summoning              4
   Summon Lightning Spire             Summoning/Air                4
   Summon Ice Beast                   Ice/Summoning                4


   Skills:
 - Level 1.0 Throwing
 - Level 1.5 Dodging
 - Level 1.5 Stealth
 - Level 2.0 Spellcasting
 * Level 5.6 Summonings


You had 4 spell levels left.
You knew the following spells:

 Your Spells              Type           Power        Failure   Level  Hunger
a - Summon Small Mammal   Summ           ###.         1%          1    N/A
d - Call Canine Familiar  Summ           ###.....     10%         3    N/A

Dungeon Overview and Level Annotations

Branches:
Dungeon (3/15)

Altars:
Fedhas
Vehumet
Yredelemnul


Innate Abilities, Weirdness & Mutations

You do not eat or drink.
Your flesh is vulnerable to fire.
Your flesh is cold resistant.
You are immune to negative energy.
Your system is resistant to poisons.
You are immune to unholy pain and torment.
You can survive without breathing.


Message History

The centaur shouts!
The centaur wields a shortbow.
The centaur shoots an arrow.
The arrow hits you!
The centaur shoots an arrow.
The arrow hits you!
* * * LOW HITPOINT WARNING * * *
You can't drink.
The centaur shoots an arrow.
The arrow misses you.
Your hound bites the centaur but does no damage.
The centaur shoots an arrow.
The arrow hits your hound.
Your hound barely misses the centaur.
The centaur shoots an arrow.
The arrow hits your hound.
Your hound bites the centaur but does no damage.
The centaur unwields an uncursed shortbow.
The centaur hits your hound!
Your hound dies!
Your hound's corpse disappears in a puff of smoke!
Casting: Call Canine Familiar
Confirm with . or Enter, or press ? or * to list all spells.
The centaur wields an uncursed shortbow.
The centaur shoots an arrow.
The arrow hits you!
You die...

P%...... ....... PPPP.....#
#......
P_PP.%...#########......
.P.P.P............).......
.P.PPP..!..#####..........
.....................).....
#...c§.((..................
######).....#####.#########
#...h@.# #.#
#...(..#####.#########
#.........§...........
####...#####.#......#.
#...................
#..).......#).....#.
########.....#######
#....##.##....###
.####...####..##


You could see a centaur and a friendly hound.

Vanquished Creatures
  3 giant geckos
  2 ball pythons (D:1)
  2 giant cockroaches
  8 goblins
  4 hobgoblins
  6 jackals
  4 bats
  6 giant newts
  2 kobolds
  10 rats
47 creatures vanquished.

Vanquished Creatures (collateral kills)
  Grinder (D:3)
  4 adders
  A giant mite (D:3)
  2 worms (D:2)
  An orc (D:3)
  A giant cockroach (D:2)
  A hobgoblin (D:2)
  A jackal (D:3)
  2 bats
  3 goblins
  5 kobolds
  A quokka (D:2)
  2 rats
25 creatures vanquished.

Vanquished Creatures (others)
  A hound (D:3)
  A quokka (D:1)
  4 bats
  5 rats
11 creatures vanquished.

Grand Total: 83 creatures vanquished

Notes
Turn   | Place    | Note
--------------------------------------------------------------
     0 | D:1      | PolkaDot, the Mummy Summoner, began the quest for the Orb.
     0 | D:1      | Reached XP level 1. HP: 13/13 MP: 3/3
   523 | D:1      | Reached XP level 2. HP: 19/19 MP: 2/4
  1164 | D:1      | Reached skill level 1 in Throwing
  1467 | D:2      | Reached XP level 3. HP: 24/24 MP: 6/6
  1883 | D:2      | Reached skill level 4 in Summonings
  2025 | D:2      | Learned a level 3 spell: Call Canine Familiar
  2042 | D:2      | Found a basalt altar of Yredelemnul.
  2043 | D:2      | Found a radiant altar of Vehumet.
  2675 | D:2      | Reached XP level 4. HP: 17/30 MP: 3/7
  3147 | D:3      | Noticed Grinder
  3166 | D:3      | Killed Grinder
  3166 | D:3      | Reached skill level 5 in Summonings
  3166 | D:3      | Reached XP level 5. HP: 21/35 MP: 2/9
  3381 | D:3      | Noticed a centaur
  3435 | D:3      | Found a blossoming altar of Fedhas.
  3452 | D:3      | Shot with an arrow by a centaur

Action                   |  1- 3 |  4- 6 || total
-------------------------+-------+-------++-------
Melee: Dagger            |   109 |    31 ||   140
       Unarmed           |     8 |       ||     8
       Spear             |       |    12 ||    12
Throw: Stone             |    71 |       ||    71
       Dart              |    38 |    27 ||    65
 Cast: Summon Small Mamm |    24 |     3 ||    27
       Call Canine Famil |     7 |     6 ||    13
 Stab: Distracted        |     2 |       ||     2
       Sleeping          |       |     2 ||     2
